Description

.

Build Order

Get SALT Encoding   

  14  0:18  Pylon  
  16  0:40  Gateway  scout -> hide behind nat
  17  0:54  Assimilator  queue to 20 supply, then stop probes
  20  1:27  Nexus  
  20  1:37  Cybernetics Core  continue probes
  21  1:50  Assimilator  
  22  2:00  Pylon  
  23  2:13  Warp Gate, Stalker x3 (Chrono Boost)  
  26  2:36  Robotics Facility  
  33  3:04  Pylon, Gateway x2  
  34  3:16  Observer (Chrono Boost)  
  34  3:17  Immortal (Chrono Boost)  
  40  4:06  Stalker x3  warped
  50  4:35  Pylon x2, Twilight Council  
  54  5:03  Assimilator x2  cut probes at 44
  56  5:13  Charge (Chrono Boost)  
  60  5:39  Pylon x5, Gateway x7  pylons surround gates
  60  5:55  Templar Archives, Pylon  
  61  6:32  Immortal  
  65  6:43  Zealot x10  
  99  7:17  Warp Prism (Chrono Boost)  
  121  8:23  Archon x5  
Spawning Tool Build Advisor. Get it on Overwolf

Go to:

Details

  • Created by: cmlee1324
  • Published on: Aug 04, 2023
  • Modified on: Aug 04, 2023
  • Patch: 5.0.11
  • Difficulty: Easy
Show
View Real Time Build Order
Export as new Build Order

Comments (0)

There are no comments. Be the first!

Create an account to comment!